 Dungeon Crawl Stone Soup version 0.28-a0-697-g47f3eba078 (webtiles) character file.

Game seed: 13770501711786523328

32351 jasper the Severer (level 13, -10/96 HPs)
             Began as a Demonspawn Warper on Oct 23, 2021.
             Was a High Priest of Okawaru.
             Mangled by Rupert (33 damage)
             ... on level 3 of the Lair of Beasts.
             The game lasted 00:25:49 (16421 turns).

jasper the Severer (Demonspawn Warper)             Turns: 16421, Time: 00:25:50

Health: -10/96     AC: 19    Str: 24    XL:     13   Next: 30%
Magic:  14/21      EV: 14    Int: 15    God:    Okawaru [*****.]
Gold:   975        SH:  0    Dex:  9    Spells: 7/16 levels left

rFire   . . .      SeeInvis +   J - +6 battleaxe (freeze)
rCold   + + +      Faith    .   (shield currently unavailable)
rNeg    + + +      Spirit   .   Z - +5 ring mail of the Okapi {Drain Regen+ Str+7}
rPois   +          Reflect  .   N - +1 helmet
rElec   .          Harm     .   O - +0 cloak
rCorr   +          Rampage  .   (gloves unavailable)
Will    .....                   (no boots)
Stlth   ++........              m - amulet "Gubooqed" {rPois rC+++ Regen+ Int+3}
HPRegen 2.26/turn               j - ring of Oduoggif {+Blink rPois rF+ rN+ Dex-3}
MPRegen 0.17/turn               Y - ring of Terra Nullius {Ice rPois rN++ rCorr Int-5}

@: heroic, finesse-ful
A: icy blue scales 2, ignite blood 1, spiny 1, augmentation 1, demonic touch 3,
see invisible, clever 1
a: Renounce Religion, Evoke Blink, Heroism, Finesse, Duel


You were on level 3 of the Lair of Beasts.
You worshipped Okawaru.
Okawaru was extremely pleased with you.
You visited 3 branches of the dungeon, and saw 15 of its levels.
You also visited: Sewer, Gauntlet, Ice Cave and Volcano.

You collected 1193 gold pieces.
You spent 218 gold pieces at shops.

Inventory:

Hand Weapons
 i - a +0 vampiric executioner's axe
 D - the +1 flail of Equivalence {speed, Contam Dex+5}
   (You took it off a minotaur in a Gauntlet)

   Attacks with this weapon are significantly faster.
   Dex:       It affects your dexterity (+5).
   Contam:    It causes magical contamination when unequipped.
 J - a +6 battleaxe of freezing (weapon)
Missiles
 a - 2 curare-tipped darts
 d - 5 boomerangs of dispersal
 s - 33 poisoned darts (quivered)
 v - 9 silver javelins
 z - 6 boomerangs
 U - a throwing net
 V - 2 javelins
 W - 6 atropa-tipped darts
Armour
 h - a scarf of repulsion
 N - a +1 helmet (worn)
 O - a +0 cloak (worn)
 Z - the +5 ring mail of the Okapi (worn) {Drain Regen+ Str+7}
   (You found it in an ice cave)

   Str:       It affects your strength (+7).
   Regen:     It increases your rate of health regeneration.
   Drain:     It drains your maximum health when unequipped.
Jewellery
 j - the ring of Oduoggif (left hand) {+Blink rPois rF+ rN+ Dex-3}
   (You found it in a Gauntlet)

   [ring of protection from fire]

   Dex:       It affects your dexterity (-3).
   rF:        It protects you from fire.
   rPois:     It protects you from poison.
   rN:        It protects you from negative energy.
   +Blink:    It lets you blink.
 l - a ring of protection from fire
 m - the amulet "Gubooqed" (around neck) {rPois rC+++ Regen+ Int+3}
   (You acquired it on level 5 of the Dungeon)

   [amulet of regeneration]

   Int:       It affects your intelligence (+3).
   rC:        It renders you almost immune to cold.
   rPois:     It protects you from poison.
   Regen:     It increases your rate of health regeneration.
 u - a ring of positive energy
 w - a ring of flight
 K - a ring of resist corrosion
 T - a ring of protection from cold
 Y - the ring of Terra Nullius (right hand) {Ice rPois rN++ rCorr Int-5}
   (You found it in an ice cave)

   [ring of ice]

   It enhances your ice magic.
   Int:       It affects your intelligence (-5).
   rF:        It makes you vulnerable to fire.
   rC:        It protects you from cold.
   rPois:     It protects you from poison.
   rN:        It greatly protects you from negative energy.
   rCorr:     It protects you from acid and corrosion.
Wands
 b - a wand of mindburst (9)
 q - a wand of acid (16)
 x - a wand of digging (9)
 Q - a wand of paralysis (11)
Scrolls
 c - 6 scrolls of blinking
 r - 2 scrolls of teleportation
 t - 2 scrolls of magic mapping
 y - a scroll of amnesia
 A - 3 scrolls of enchant armour
 B - 5 scrolls of identify
 F - a scroll of silence
 X - a scroll of vulnerability
Potions
 e - 3 potions of flight
 f - 2 potions of cancellation
 g - 4 potions of ambrosia
 n - 2 potions of lignification
 p - 7 potions of heal wounds
 C - 4 potions of haste
 E - 3 potions of magic
 H - 2 potions of attraction
 I - 3 potions of curing
 M - 2 potions of mutation
 P - 2 potions of might
 S - 2 potions of invisibility
Miscellaneous
 k - a phial of floods
 o - a box of beasts
 R - a phantom mirror


   Skills:
 - Level 7.2(12.2) Fighting
 + Level 16.2(21.2) Axes
 - Level 0.8(5.8) Throwing
 - Level 6.3(11.3) Armour
 - Level 6.6(11.6) Dodging
 - Level 2.0 Spellcasting
 - Level 2.6 Translocations
 - Level 11.0 Invocations


You had 7 spell levels left.
You knew the following spells:

 Your Spells              Type           Power      Damage    Failure   Level
a - Blink                 Tloc           N/A        N/A       16%         2
b - Wereblood             Tmut           1%         N/A       43%         2
c - Manifold Assault      Tloc           9%         N/A       96%         5

Your spell library contained the following spells:

 Spells                   Type           Power      Damage    Failure   Level
 Beastly Appendage        Tmut           2%         N/A       30%         1
 Freeze                   Ice            8%         1d3       30%         1
 Gell's Gravitas          Tloc           4%         N/A       30%         3
 Lesser Beckoning         Tloc           9%         N/A       30%         3
 Teleport Other           Tloc           9%         N/A       30%         3
 Corpse Rot               Necr/Air       2%         N/A       43%         2
 Ensorcelled Hibernation  Hex/Ice        4%         N/A       43%         2
 Poisonous Vapours        Pois/Air       2%         N/A       43%         2
 Scorch                   Fire           2%         2d5       43%         2
 Slow                     Hex            1%         N/A       43%         2
 Static Discharge         Conj/Air       1%         N/A       43%         2
 Sublimation of Blood     Necr           0%         N/A       43%         2
 Confusing Touch          Hex            1%         N/A       67%         3
 Dazzling Flash           Conj/Hex       2%         N/A       67%         3
 Frozen Ramparts          Ice            4%         1d2       67%         3
 Ignite Poison            Fire/Tmut/Pois 1%         N/A       67%         3
 Mephitic Cloud           Conj/Pois/Air  1%         N/A       67%         3
 Spider Form              Tmut/Pois      0%         N/A       67%         3
 Vampiric Draining        Necr           0%         2d6       67%         3
 Cause Fear               Hex            0%         N/A       97%         4
 Dispel Undead            Necr           1%         3d6       97%         4
 Flame Wave               Conj/Fire      1%         3d3       97%         4
 Hailstorm                Conj/Ice       2%         3d3       97%         4
 Sticky Flame             Conj/Fire      1%         2d3       97%         4
 Agony                    Necr           1%         N/A       100%        5
 Freezing Cloud           Conj/Ice/Air   1%         6-21      100%        5
 Iskenderun's Battlesphe  Conj           1%         2d6       100%        5
 Metabolic Englaciation   Hex/Ice        1%         N/A       100%        5
 Silence                  Hex/Air        0%         N/A       100%        5
 Dispersal                Tloc           4%         N/A       100%        6
 Iron Shot                Conj/Erth      0%         9d1       100%        6
 Dragon Form              Tmut           0%         N/A       100%        7
 Orb of Destruction       Conj           0%         N/A       100%        7
 Summon Guardian Golem    Hex/Summ       Unusable   N/A       N/A         3
 Summon Cactus Giant      Summ           Unusable   N/A       N/A         6
 Spellforged Servitor     Conj/Summ      Unusable   N/A       N/A         7
 Summon Hydra             Summ           Unusable   N/A       N/A         7
 Dragon's Call            Summ           Unusable   N/A       N/A         9

Dungeon Overview and Level Annotations

Branches:
Dungeon (11/15)            Temple (1/1) D:6            Lair (3/6) D:10
  Swamp (0/4) Lair:2        Sewer (visited)           IceCv (visited)
Volcano (visited)         Gauntlet (visited)
  Snake: Lair:2-4    Spider: Lair:2-4       Orc: D:9-12

Altars:
Cheibriados
Dithmenos
Fedhas
Gozag
Hepliaklqana
Makhleb
Nemelex Xobeh
Okawaru
Ru
Sif Muna
Trog
Uskayaw
Vehumet
Wu Jian
Xom

Shops:
D:1 ?   D:9 [

Annotations:
D:4 2 runed translucent doors, timneilson's ghost, amateur GrFi
D:7 Maurice
D:8 Maggie
Lair:3 Rupert


Innate Abilities, Weirdness & Mutations

You are mostly covered in icy blue scales. (AC +3)
Your demonic aura sometimes causes spilled blood to erupt in flames.
You are partially covered in sharp spines.
Your magical and physical power is slightly enhanced at high health.
Your touch may irresistibly damage your foes and sap their willpower.
You have supernaturally acute eyesight. (SInv)
Your mind is acute. (Int +2)


Message History

A yak is nearby!
The yak misses you.
You slice the yak!! You freeze the yak.
The yak is severely wounded.
Rupert the Wild comes into view.
He is wielding a +3 great mace of holy wrath and wearing a +0 leather armour of fire resistance.
The yak is struck by your spines. The yak gores you!
You take 7 damage, and have 89/96 hp.
You slash the yak! You freeze the yak.
You kill the yak!
Okawaru accepts your kill.
You regained 2 hp, and now have 91/96 hp.
You regained 2 hp, and now have 93/96 hp.
You barely miss Rupert.
A cane toad comes into view.
Rupert misses you.
The cane toad moves out of view.
Health restored: 96 You gain the combat prowess of a mighty hero.
Rupert roars madly and goes into a rage!
Rupert goes berserk!
You now have 19/21 mp.
You can now deal lightning-fast blows.
Rupert hits you with a +3 great mace of holy wrath!!
You convulse.
You take 33 damage, and have 63/96 hp.
MASSIVE DAMAGE!!
You now have 14/21 mp.
You hit Rupert. You freeze Rupert.
Rupert is lightly wounded.
Rupert misses you.
You slice Rupert!! You freeze Rupert!
Rupert is moderately wounded.
You hear a loud, deep croak!
Rupert hits you with a +3 great mace of holy wrath!!
You convulse!
* * * LOW HITPOINT WARNING * * *
You take 42 damage, and have 22/96 hp.
MASSIVE DAMAGE!!
You closely miss Rupert.
Rupert is moderately wounded.
You slice Rupert!! You freeze Rupert!
Rupert is heavily wounded.
Rupert hits you with a +3 great mace of holy wrath!!
You die...

#.#...........#
..#......#...## #
.#..###.#....#
..#.#..P.#.#..##
#..#.....=...#
#####...........#
#.###.#.........#
#.##..#:##.........#
#.@@..............#
#☼#######.##.##.#.#
.. #.##...##.# ..#
#......# .# ##
#.......#..
#.......# #
#........ #......
.[##.###


You could see Rupert (berserk).

Vanquished Creatures
  An azure jelly (IceCv)
  2 quicksilver oozes (IceCv)
  A minotaur (Gauntlet)
  A hydra (Lair:2)
  Erica (D:11)
  6 two-headed ogres
  A hell hog (Volcano)
  An orange crystal statue (Gauntlet)
  A salamander (Volcano)
  A manticore (D:7)
  2 ice statues (IceCv)
  A black mamba (Lair:2)
  A molten gargoyle (Lair:1)
  7 cane toads
  A rime drake (Lair:1)
  3 komodo dragons
  4 entropy weaver simulacra (IceCv)
  A queen bee (Gauntlet)
  5 trolls
  A polar bear (Lair:2)
  A hornet (D:8)
  2 raiju (Gauntlet)
  21 slime creatures (IceCv)
  A meliai zombie (D:10)
  A shadow (D:11)
  5 wyverns
  A basilisk (Lair:1)
  19 yaks
  2 fire bats (Volcano)
  3 water moccasins
  4 demonic crawler simulacra (IceCv)
  3 black bears
  2 ice beasts
  An orc warrior (D:9)
  A necrophage (D:4)
  6 wolves
  3 ogres
  6 centaurs
  A phantom (D:6)
  4 kobold brigands
  Blork the orc (D:5)
  4 bullfrogs (Lair:1)
  A wyvern zombie (D:9)
  3 scorpions
  A glowing shapeshifter simulacrum (IceCv)
  A wyvern skeleton (D:5)
  20 killer bees
  2 water moccasin skeletons (D:5)
  16 wights
  8 electric eels
  3 centaur zombies
  3 howler monkeys
  6 hounds
  A gnoll shaman (D:8)
  3 jellies
  3 bullfrog skeletons
  2 centaur skeletons (D:5)
  9 orc wizards
  A lightning spire (Gauntlet)
  2 howler monkey zombies
  13 gnolls
  3 river rats (Sewer)
  9 adders
  A shadow imp (D:7)
  A white imp (D:8)
  An adder zombie (D:5)
  5 worms
  2 dart slugs
  9 orcs
  7 endoplasms
  2 giant cockroaches (D:3)
  6 hobgoblins
  3 jackals (D:1)
  2 quokkas
  12 ball pythons
  4 bats
  2 frilled lizards
  3 goblins
  15 kobolds
  5 rats
  A fire vortex (Lair:1)
325 creatures vanquished.

Vanquished Creatures (others)
  7 fungi
  10 plants
17 creatures vanquished.

Grand Total: 342 creatures vanquished

Notes
Turn   | Place    | Note
-------+----------+-------------------------------------------
     0 | D:1      | jasper the Demonspawn Warper began the quest for the Orb.
     0 | D:1      | Reached XP level 1. HP: 16/16 MP: 3/3
    44 | D:1      | Found Nadoyneff's Magic Scroll Emporium.
    92 | D:1      | Reached skill level 2 in Axes
   183 | D:1      | Gained mutation: Your touch may inflict minor irresistible
                  | damage on your foes. [demonic ancestry]
   183 | D:1      | Reached XP level 2. HP: 1/22 MP: 5/5
   615 | D:1      | Learned a level 2 spell: Blink
   618 | D:1      | Learned a level 2 spell: Wereblood
  1405 | D:1      | Bought a scroll of identify for 26 gold pieces
  1608 | D:2      | Reached skill level 3 in Axes
  1671 | D:2      | You fall into a shaft and drop 1 floor!
  1737 | D:4      | Reached skill level 1 in Armour
  1737 | D:4      | Reached XP level 3. HP: 12/27 MP: 6/6
  2095 | D:4      | Found a shimmering blue altar of Sif Muna.
  2143 | D:4      | Noticed an ogre
  2165 | D:4      | Killed an ogre
  2166 | D:4      | Reached XP level 4. HP: 34/34 MP: 7/7
  2448 | D:4      | Found a large runed translucent door.
  2449 | D:4      | Found a large runed translucent door.
  2452 | D:4      | Noticed timneilson's ghost (amateur GrFi)
  2460 | D:4      | Noticed a necrophage
  2472 | D:4      | Killed a necrophage
  2473 | D:4      | Gained mutation: Your demonic aura sometimes causes spilled
                  | blood to erupt in flames. [demonic ancestry]
  2473 | D:4      | Reached XP level 5. HP: 31/41 MP: 8/8
  3768 | D:3      | Gained mutation: Your touch may inflict irresistible damage
                  | on your foes. [demonic ancestry]
  3768 | D:3      | Reached XP level 6. HP: 41/47 MP: 9/9
  4083 | D:2      | Reached skill level 4 in Axes
  4493 | D:2      | Learned a level 5 spell: Manifold Assault
  4821 | D:4      | Found a sparkling altar of Nemelex Xobeh.
  4821 | D:4      | Found a hazy altar of Hepliaklqana.
  5166 | D:5      | Entered Level 5 of the Dungeon
  5599 | D:5      | Noticed Blork the orc
  5634 | D:5      | Killed Blork the orc
  5854 | D:5      | Gained mutation: You are partially covered in sharp spines.
                  | [demonic ancestry]
  5854 | D:5      | Reached XP level 7. HP: 34/53 MP: 10/10
  6530 | D:5      | Reached skill level 5 in Axes
  7022 | D:5      | Identified a scroll of acquirement
  7022 | D:5      | Acquired the amulet "Gubooqed" {rPois rC+++ Regen+ Int+3}
  7062 | D:6      | Gained mutation: You are partially covered in icy blue
                  | scales. (AC +2) [demonic ancestry]
  7062 | D:6      | Reached XP level 8. HP: 39/61 MP: 11/11
  7101 | D:6      | Found a staircase to the Ecumenical Temple.
  7117 | Temple   | Entered the Ecumenical Temple
  7123 | Temple   | Reached skill level 5 in Fighting
  7128 | Temple   | Became a worshipper of Warmaster Okawaru
  7330 | D:6      | Found a glowing drain.
  7360 | Sewer    | Entered a sewer
  7644 | Sewer    | Reached skill level 5 in Dodging
  7778 | D:6      | Found a sacrificial altar of Ru.
  7842 | D:6      | Reached * piety under Okawaru
  8103 | D:6      | Noticed a troll
  8125 | D:6      | Killed a troll
  8126 | D:6      | Reached skill level 6 in Axes
  8126 | D:6      | Reached skill level 5 in Armour
  8254 | D:6      | Gained mutation: Your touch may irresistibly damage your
                  | foes and sap their willpower. [demonic ancestry]
  8254 | D:6      | Reached XP level 9. HP: 69/69 MP: 12/12
  8271 | D:6      | Identified the +0 ring mail "Bouz" {-Tele rPois Dex+5 SInv}
  8627 | D:7      | Found an opulent altar of Gozag.
  9184 | D:7      | Noticed a manticore
  9197 | D:7      | Killed a manticore
  9289 | D:7      | Found an ornate altar of the Wu Jian Council.
  9385 | D:7      | Reached ** piety under Okawaru
  9585 | D:8      | Noticed Maurice
  9638 | D:8      | Reached skill level 7 in Axes
  9701 | D:8      | Found a burning altar of Makhleb.
  9814 | D:8      | Noticed Maggie
 10101 | D:8      | Gained mutation: Your magical and physical power is
                  | slightly enhanced at high health. [demonic ancestry]
 10101 | D:8      | Reached XP level 10. HP: 72/79 MP: 13/13
 10112 | D:8      | Noticed a two-headed ogre
 10120 | D:8      | Killed a two-headed ogre
 10121 | D:8      | Reached skill level 8 in Axes
 10626 | D:9      | Reached *** piety under Okawaru
 10641 | D:9      | Reached skill level 9 in Axes
 10652 | D:9      | Found Qibuja's Armour Boutique.
 10675 | D:9      | Bought a +1 helmet for 138 gold pieces
 10675 | D:9      | Bought a +0 cloak for 54 gold pieces
 11147 | D:10     | Entered Level 10 of the Dungeon
 11264 | D:10     | Reached skill level 10 in Axes
 11432 | D:10     | Reached **** piety under Okawaru
 11607 | D:10     | Found a staircase to the Lair.
 11774 | D:10     | Found a shadowy altar of Dithmenos.
 11774 | D:10     | Found a shimmering altar of Xom.
 11775 | D:10     | Found a snail-covered altar of Cheibriados.
 11795 | D:10     | Found a radiant altar of Vehumet.
 11906 | D:10     | Found a bloodstained altar of Trog.
 12034 | D:10     | Received a gift from Okawaru
 12040 | D:10     | Reached skill level 5 in Invocations
 12053 | D:10     | Reached XP level 11. HP: 69/84 MP: 13/15
 12197 | D:10     | Identified the +2 short sword of Guile {flame, Str+3 Dex+3}
 12393 | D:11     | Noticed Erica
 12405 | D:11     | Killed Erica
 12558 | D:11     | Reached ***** piety under Okawaru
 12669 | D:11     | Noticed a two-headed ogre
 12675 | D:11     | Killed a two-headed ogre
 12725 | D:11     | Noticed a two-headed ogre
 12730 | D:11     | Killed a two-headed ogre
 12730 | D:11     | Received a gift from Okawaru
 12731 | D:11     | Reached skill level 10 in Invocations
 12739 | D:11     | Found a frozen archway.
 12748 | IceCv    | Entered an ice cave
 12777 | IceCv    | Noticed a quicksilver ooze
 12786 | IceCv    | Killed a quicksilver ooze
 12805 | IceCv    | Reached skill level 11 in Axes
 12901 | IceCv    | Got the Reference Book on the Frostbite
 13085 | IceCv    | Reached skill level 12 in Axes
 13089 | IceCv    | Received a gift from Okawaru
 13114 | IceCv    | Reached XP level 12. HP: 50/91 MP: 20/20
 13172 | IceCv    | Noticed a quicksilver ooze
 13180 | IceCv    | Killed a quicksilver ooze
 13181 | IceCv    | Reached skill level 13 in Axes
 13313 | IceCv    | Found a viscous altar of Jiyva.
 13313 | IceCv    | Noticed an azure jelly
 13330 | IceCv    | Killed an azure jelly
 13354 | IceCv    | Identified the ring of Terra Nullius {Ice rPois rN++ rCorr
                  | Int-5}
 13359 | IceCv    | Identified the +5 ring mail of the Okapi {Drain Regen+
                  | Str+7}
 13505 | D:11     | Noticed a two-headed ogre
 13509 | D:11     | Killed a two-headed ogre
 13509 | D:11     | Received a gift from Okawaru
 13816 | Lair:1   | Entered Level 1 of the Lair of Beasts
 13824 | Lair:1   | Reached skill level 14 in Axes
 13878 | Lair:1   | Received a gift from Okawaru
 13954 | Lair:1   | Found a dark tunnel.
 13962 | Volcano  | Entered a volcano
 14025 | Volcano  | Noticed a hell hog
 14032 | Volcano  | Killed a hell hog
 14091 | Volcano  | Noticed a two-headed ogre
 14091 | Volcano  | Noticed a two-headed ogre
 14097 | Volcano  | Killed a two-headed ogre
 14100 | Volcano  | Killed a two-headed ogre
 14104 | Volcano  | Reached skill level 15 in Axes
 15100 | Lair:2   | Gained mutation: You are mostly covered in icy blue scales.
                  | (AC +3) [demonic ancestry]
 15100 | Lair:2   | Reached XP level 13. HP: 79/96 MP: 21/21
 15276 | Lair:2   | Found a staircase to the Swamp.
 15296 | Lair:2   | Reached ****** piety under Okawaru
 15296 | Lair:2   | Received a gift from Okawaru
 15335 | Lair:2   | Found a gate leading to a gauntlet.
 15347 | Gauntlet | Entered a Gauntlet
 15347 | Gauntlet | Found a transporter.
 15347 | Gauntlet | Found a transporter.
 15362 | Gauntlet | Found a transporter.
 15377 | Gauntlet | Found a transporter.
 15377 | Gauntlet | Found a transporter.
 15377 | Gauntlet | Found a transporter.
 15379 | Gauntlet | Found a transporter.
 15379 | Gauntlet | Found a transporter.
 15394 | Gauntlet | Found a transporter.
 15407 | Gauntlet | Found a transporter.
 15416 | Gauntlet | Noticed a quicksilver ooze
 15417 | Gauntlet | Found a transporter.
 15434 | Gauntlet | Found a transporter.
 15451 | Gauntlet | Found a transporter.
 15463 | Gauntlet | Found a transporter.
 15532 | Gauntlet | Gained mutation: You have supernaturally acute eyesight.
                  | (SInv) [potion of mutation]
 15532 | Gauntlet | Gained mutation: Your mind is acute. (Int +2) [potion of
                  | mutation]
 15600 | Gauntlet | Reached skill level 16 in Axes
 15605 | Gauntlet | Identified the ring of Oduoggif {+Blink rPois rF+ rN+
                  | Dex-3}
 15633 | Gauntlet | Identified the +1 flail of Equivalence {speed, Contam
                  | Dex+5}
 15633 | Gauntlet | Noticed a minotaur
 15649 | Gauntlet | HP: 4/96 [minotaur (3)]
 15653 | Gauntlet | Killed a minotaur
 15700 | Gauntlet | Identified the +13 chain mail "Puneru" {rElec}
 16412 | Lair:3   | Noticed Rupert
 16421 | Lair:3   | Mangled by Rupert

Illustrated notes

Levels and vault maps discovered:
D:1:      onia_arrival_mini_spirals, layout_basic, serial_shops, shop,
          minivault_5, serial_bayou_lagoon_a, bh_walls_and_bars
D:2:      layout_loops_cross
D:3:      layout_loops_corners
D:4:      layout_basic, kennysheep_mini_moat, gammafunk_temple_overflow_pools,
          ebering_ghost_disaster_area, nrook_loot_triangle
D:5:      minmay_chambers_of_fours, layout_basic, uniq_blork_the_orc
D:6:      layout_gridville, nicolae_ru_great_annihilating_truth,
          minmay_temple_entry_stoned_glass, cheibrodos_sewer_entry_sluice,
          kennysheep_generic_room_12
D:7:      layout_gridville, mainiacjoe_overflow_alcove_2,
          nicolae_gozag_cash_rules_everything_around_me, serial_bayou_ford_a
D:8:      layout_loops_cross, old_standard_altar, uniq_maurice, uniq_maggie
D:9:      layout_basic, serial_shops, nicolae_shop_statue_plus
D:10:     layout_basic, nicolae_overflow_quartered_altars,
          trog_three_pillars_becter, erik_lair_island, minmay_misc_feat_encased
D:11:     layout_basic, portal_ice_cave_entry_pillars_2, uniq_erica
Temple:   eino_wide_crystal_templ
Lair:1:   layout_gridlike, enter_volcano_1, wad_woods_river_03, minivault_23
Lair:2:   layout_regular_city, swamp_mist, gauntlet_entry_generic
Lair:3:   layout_regular_city, minmay_shattered_shrine, uniq_rupert

Skill      XL: |  1  2  3  4  5  6  7  8  9 10 11 12 13 |
---------------+----------------------------------------+-----
Axes           | 2 3 4 5 6 7 10 12 15 16 | 16.2
Armour         | 1 2 3 4 5 6 |  6.3
Dodging        | 2 3 4 5 6 |  6.6
Fighting       | 3 4 5 7 |  7.2
Invocations    | 6 11 | 11.0
Throwing       | |  0.8
Spellcasting   | |  2.0
Translocations | |  2.6

Action                   |  1- 3 |  4- 6 |  7- 9 | 10-12 | 13-15 || total
-------------------------+-------+-------+-------+-------+-------++-------
Melee: Hand axe          |    58 |     2 |    47 |       |       ||   107
       Spear             |    23 |    87 |   254 |       |       ||   364
       Touch             |     6 |    18 |     9 |       |     1 ||    34
       Mace              |       |    16 |    26 |       |       ||    42
       Battleaxe         |       |       |    18 |   311 |    75 ||   404
       Unarmed           |       |       |     1 |       |       ||     1
       Scimitar          |       |       |       |       |     3 ||     3
Throw: Dart              |       |       |    38 |    38 |       ||    76
Invok: Heroism           |       |       |    10 |    14 |     3 ||    27
       Finesse           |       |       |       |     3 |     2 ||     5
Evoke: Wand              |       |       |       |     1 |       ||     1
  Use: Scroll            |     8 |     4 |     6 |     5 |       ||    23
       Potion            |       |     7 |     2 |     1 |     6 ||    16
 Stab: Paralysed         |       |       |     5 |     3 |       ||     8
       Invisible         |       |       |       |       |     1 ||     1
Armor: Leather armour    |    21 |       |       |       |       ||    21
       Ring mail         |     1 |    18 |    50 |    24 |    32 ||   125
       Troll leather arm |       |       |    21 |    64 |       ||    85
       Skin              |       |       |       |     1 |       ||     1
       Scale mail        |       |       |       |    29 |       ||    29
Dodge: Dodged            |    55 |    49 |   180 |   250 |    67 ||   601
Block: Buckler           |       |       |    30 |       |       ||    30

Table legend: (Time is in decaauts)
 A = Elapsed time spent in this place.
 B = Non-inter-level travel time spent in this place.
 C = Inter-level travel time spent in this place.
 D = Time resting spent in this place.
 E = Time spent auto-exploring this place.
 F = Levels seen in this place.
 G = Mean time per level.
                   A        B        C        D        E       F      G
               +--------+--------+--------+--------+--------+-----+--------+
         Total |  16512 |  16033 |    479 |   1781 |  10724 |  19 |  869.1 |
       Dungeon |  12739 |  12340 |    399 |   1718 |   8502 |  11 | 1158.1 |
        Temple |     18 |     13 |      5 |      0 |      0 |   1 |   18.0 |
          Lair |   1894 |   1820 |     74 |      9 |   1404 |   3 |  631.3 |
         Sewer |    469 |    469 |      0 |      0 |    177 |   1 |  469.0 |
      Ice Cave |    686 |    686 |      0 |     35 |    264 |   1 |  686.0 |
       Volcano |    365 |    365 |      0 |     19 |    257 |   1 |  365.0 |
      Gauntlet |    340 |    340 |      0 |      0 |    118 |   1 |  340.0 |
               +--------+--------+--------+--------+--------+-----+--------+

Top non-repeatable levels by time:
     D:5: 1870 daAuts
     D:4: 1741 daAuts
     D:1: 1440 daAuts
     D:3: 1271 daAuts
    D:10: 1267 daAuts
     D:7: 1084 daAuts
     D:6: 1046 daAuts
     D:8: 996 daAuts
  Lair:1: 929 daAuts
  Lair:2: 829 daAuts
     D:2: 728 daAuts
    D:11: 714 daAuts
   IceCv: 686 daAuts
     D:9: 577 daAuts
   Sewer: 469 daAuts
